 Dungeon Crawl Stone Soup version 0.21.1-1-g345015f (webtiles) character file.

118 vatarom the Conjurer (level 5, -1/28 HPs)
             Began as a Kobold Conjurer on May 31, 2018.
             Slain by an orc
             ... wielding a +0 club
              (5 damage)
             ... on level 3 of the Dungeon on June 6, 2018.
             The game lasted 00:12:31 (3760 turns).

vatarom the Conjurer (Kobold Conjurer)              Turns: 3760, Time: 00:12:32

Health: -1/28      AC:  3    Str:  7    XL:     5   Next: 23%
Magic:  0/9        EV: 15    Int: 16    God:
Gold:   146        SH:  0    Dex: 15    Spells: 0/10 levels left

rFire    . . .     SeeInvis .   p - -2 short sword (curse)
rCold    . . .     Gourm    +   (shield restricted)
rNeg     . . .     Faith    .   a - +0 robe
rPois    .         Spirit   .   e - +0 helmet
rElec    .         Reflect  .   (no cloak)
rCorr    .         Harm     .   (no gloves)
MR       .....                  (no boots)
Stlth    +++.......             l - amulet of the gourmand
HPRegen  0.09/turn              (no ring)
MPRegen  0.11/turn              (no ring)

@: no status effects
A: small, carnivore
a: no special abilities


You were on level 3 of the Dungeon.
You were full.

You visited 1 branch of the dungeon, and saw 3 of its levels.

You collected 146 gold pieces.

Inventory:

Hand Weapons
 f - a +0 club
 k - a +0 spear
 p - a cursed -2 short sword (weapon)
Armour
 a - a +0 robe (worn)
 e - a +0 helmet (worn)
Jewellery
 l - an amulet of the gourmand (around neck)
Scrolls
 d - 3 scrolls of fog
 i - a scroll of remove curse {unknown}
 j - a scroll of teleportation {@r3}
Potions
 g - 2 potions of curing {@q1}
 h - 2 potions of might {@q4}
 m - a potion of lignification {unknown}
 n - a potion of flight {unknown}
Books
 b - a book of Conjurations

   Spells                             Type                      Level
   a - Magic Dart                     Conjuration                  1
   b - Searing Ray                    Conjuration                  2
   c - Dazzling Spray                 Conjuration/Hexes            3
   d - Fulminant Prism                Conjuration/Hexes            4
   e - Force Lance                    Conjuration/Translocation    4
   f - Iskenderun's Mystic Blast      Conjuration                  4
Comestibles
 c - 5 rations {@e1}


   Skills:
 - Level 2.4 Dodging
 + Level 4.2 Stealth
 * Level 3.1 Spellcasting
 * Level 5.2 Conjurations


You couldn't memorise any spells.
You knew the following spells:

 Your Spells              Type           Power        Failure   Level  Hunger
c - Dazzling Spray        Conj/Hex       ##....       19%         3    ###....
v - Iskenderun's Mystic   Conj           ###.....     22%         4    ####...
x - Searing Ray           Conj           ###...       3%          2    ##.....
z - Magic Dart            Conj           ###.         2%          1    None


Dungeon Overview and Level Annotations

Branches:
Dungeon (3/15)

Altars:
Elyvilon
Ru

Annotations:
D:3 Jaiteiro's ghost, amateur HaFi


Innate Abilities, Weirdness & Mutations

You are small and have problems with some larger weapons.
You are carnivorous and can eat meat at any time.


Message History

The orc hits you with a club!
* * * LOW HITPOINT WARNING * * *
The orc hits you but does no damage.
Casting: Magic Dart
Confirm with . or Enter, or press ? or * to list all spells.
You don't have enough magic to cast that spell.
There is a stone staircase leading up here.
Casting: Magic Dart
Confirm with . or Enter, or press ? or * to list all spells.
Aiming: Searing Ray
Press: ? - help, Shift-Dir - straight line, f/p - orc
Aim: an orc, wielding a club and wearing a ring mail (heavily wounded)
The searing ray hits the orc.
The orc is heavily wounded. (Press . to maintain the ray.)
The orc hits you with a club.
* * * LOW HITPOINT WARNING * * *
It was a potion of cancellation.
You feel magically purged. The orc hits you with a club.
You die...

#...#.# #..........
#...#.# #..........
#...#.# #..........
#...#.####.........W
#.............#.....
#..##.#######.......
#.................##
##...#.#####.#.###.#
#...@........#.# #.#
##.#o.######g#+###.
...#.....##.g....#
#... #..##.##.g....#
#... #..##.##......#
#.. #..##.##......#
### #..##.##......#
##
#.....###'#'###.#.
###.........#.# #.#.


You could see an orc.

Vanquished Creatures
  A gnoll (D:3)
  4 adders
  2 worms
  A dart slug (D:1)
  A leopard gecko (D:3)
  5 orcs (D:3)
  2 ball pythons
  5 giant cockroaches
  9 goblins
  6 hobgoblins
  2 jackals
  6 kobolds
  5 bats
  2 frilled lizards (D:1)
  4 rats
55 creatures vanquished.

Notes
Turn   | Place    | Note
-------+----------+-------------------------------------------
     0 | D:1      | vatarom the Kobold Conjurer began the quest for the Orb.
     0 | D:1      | Reached XP level 1. HP: 10/10 MP: 3/3
   256 | D:1      | Reached XP level 2. HP: 15/15 MP: 1/5
   314 | D:1      | Learned a level 2 spell: Searing Ray
  1078 | D:2      | Reached XP level 3. HP: 19/19 MP: 2/6
  1133 | D:2      | Learned a level 3 spell: Dazzling Spray
  1711 | D:2      | Reached XP level 4. HP: 24/24 MP: 4/8
  2004 | D:2      | Found a white marble altar of Elyvilon.
  2238 | D:3      | Found a sacrificial altar of Ru.
  2648 | D:3      | Reached skill level 5 in Conjurations
  2875 | D:3      | Reached XP level 5. HP: 19/28 MP: 3/9
  3198 | D:3      | Noticed Jaiteiro's ghost (amateur HaFi)
  3709 | D:2      | Learned a level 4 spell: Iskenderun's Mystic Blast
  3760 | D:3      | Slain by an orc

Skill      XL: |  1  2  3  4 |
---------------+-------------+-----
Stealth        | 3 4 |  4.2
Spellcasting   | 3 |  3.1
Conjurations   | 5 |  5.2
Dodging        | |  2.4

Action                   |  1- 3 |  4- 6 || total
-------------------------+-------+-------++-------
Melee: Unarmed           |    10 |       ||    10
       Club              |    15 |       ||    15
       Short sword       |       |    39 ||    39
 Cast: Magic Dart        |    39 |    54 ||    93
       Searing Ray       |     6 |    12 ||    18
       Dazzling Spray    |     1 |     1 ||     2
  Use: Scroll            |     5 |     2 ||     7
       Potion            |       |     1 ||     1
 Stab: Sleeping          |       |     4 ||     4
  Eat: Chunk             |    11 |     5 ||    16
Armor: Robe              |     5 |     9 ||    14
Dodge: Dodged            |    31 |    42 ||    73
